| TOP OF THE 1ST |
|
Arkansas Travelers batting - Pitching for Amarillo Gold Sox : RHP Stew Cliburn
|
|
Pitching: RHP Stew Cliburn
|
|
|
Batting: RHB Nehames Bernstine
|
0-0: Called Strike 0-1: Ball 1-1: Ball 2-1: SINGLE (Groundball, 34S, EV 82.5 MPH) (infield hit)
|
|
Batting: RHB Denny Gonzalez
|
0-0: Ball 1-0: Called Strike 1-1: Ball 2-1: Called Strike 2-2: Foul Ball, location: 2F 2-2: Foul Ball, location: 2F 2-2: Foul Ball, location: 2F 2-2: Ball 3-2: Foul Ball, location: 2F 3-2: TRIPLE (Line Drive, 89XD, EV 105.0 MPH) Nehames Bernstine scores
|
|
Batting: LHB Dave Magadan
|
0-0: Ball 1-0: Called Strike 1-1: Foul Ball, location: 2F 1-2: Ground out 5-3 (Groundball, 56, EV 98.8 MPH) Denny Gonzalez scores
|
|
Batting: SHB Bobby Bonilla
|
0-0: Called Strike 0-1: Swinging Strike 0-2: Ball 1-2: Ball 2-2: Ball 3-2: Foul Ball, location: 2F 3-2: Strikes out swinging
|
|
Batting: RHB Kevin Seitzer
|
0-0: Called Strike 0-1: SINGLE (Line Drive, 78S, EV 86.9 MPH)
|
|
Batting: SHB Bob Meacham
|
0-0: Ball 1-0: Ball 2-0: SINGLE (Groundball, 15S, EV 71.9 MPH) (infield hit) Kevin Seitzer to second
|
|
Batting: LHB Phil Stephenson
|
0-0: Ball 1-0: Foul Ball, location: 2F 1-1: SINGLE (Flyball, 8LS, EV 98.1 MPH) Kevin Seitzer to third Bob Meacham to second Runner from 3rd tries for Home, SAFE, throw by CF to home Bob Meacham to third Phil Stephenson to second
|
|
Batting: RHB Rob Deer
|
0-0: Called Strike 0-1: Ball 1-1: Swinging Strike 1-2: Strikes out looking
|
| Top of the 1st over - 3 runs, 5 hits, 0 errors, 2 left on base; Arkansas 3 - Amarillo 0 |
| BOTTOM OF THE 1ST |
|
Amarillo Gold Sox batting - Pitching for Arkansas Travelers : LHP Ricardo Acevedo
|
|
Pitching: LHP Ricardo Acevedo
|
|
|
Batting: SHB Mike Felder
|
0-0: Ball 1-0: Ball 2-0: Ball 3-0: Called Strike 3-1: Fly out, F7 (Flyball, 7, EV 86.3 MPH)
|
|
Batting: LHB Hector Arroyo
|
0-0: Ball 1-0: Swinging Strike 1-1: Ball 2-1: Ball 3-1: Called Strike 3-2: Ground out 6-3 (Groundball, 6S, EV 60.6 MPH)
|
|
Batting: SHB Al Newman
|
0-0: Ball 1-0: Ball 2-0: Ball 3-0: Called Strike 3-1: Base on Balls
|
|
Batting: RHB Bill Pecota
|
0-0: Ball 1-0: Foul Ball, location: 2F 1-1: Ball 2-1: Fly out, F7 (Line Drive, 7, EV 103.8 MPH)
|
| Bottom of the 1st over - 0 runs, 0 hits, 0 errors, 1 left on base; Arkansas 3 - Amarillo 0 |
| TOP OF THE 2ND |
|
Arkansas Travelers batting - Pitching for Amarillo Gold Sox : RHP Stew Cliburn
|
|
Batting: RHB Alex Duarte
|
0-0: Ball 1-0: TRIPLE (Line Drive, 7D, EV 106.9 MPH)
|
|
Batting: RHB Nehames Bernstine
|
0-0: Ball 1-0: Called Strike 1-1: Ball 2-1: Fly out, F8 (Flyball, 89M, EV 82.5 MPH) Runner from 3rd tags up, OUT at HOME! 8-2
|
|
Batting: RHB Denny Gonzalez
|
0-0: Foul Ball, location: 2F 0-1: Swinging Strike 0-2: Ball 1-2: Foul Ball, location: 2F 1-2: Foul Ball, location: 2F 1-2: Foul Ball, location: 2F 1-2: Ground out 4-3 (Groundball, 4, EV 110.0 MPH)
|
| Top of the 2nd over - 0 runs, 1 hit, 0 errors, 0 left on base; Arkansas 3 - Amarillo 0 |
| BOTTOM OF THE 2ND |
|
Amarillo Gold Sox batting - Pitching for Arkansas Travelers : LHP Ricardo Acevedo
|
|
Batting: SHB Steve Jeltz
|
0-0: Fly out, F5 (Popup, 5, EV 78.8 MPH)
|
|
Batting: RHB Andrew Barbee
|
0-0: Ball 1-0: SINGLE (Groundball, 4MD, EV 110.6 MPH)
|
|
Batting: RHB Vic Alvarado
|
0-0: Ball 1-0: Ball 2-0: Hit by Pitch Andrew Barbee to second
|
|
Batting: RHB Chino Cadahia
|
0-0: Foul Ball, location: 2F 0-1: Ball 1-1: Foul Ball, location: 2F 1-2: Ball 2-2: Ball 3-2: Base on Balls Andrew Barbee to third Vic Alvarado to second
|
|
Batting: RHB Todd Smith
|
0-0: Ground out 4-3 (Groundball, 4S, EV 70.6 MPH) Andrew Barbee scores Vic Alvarado to third Chino Cadahia to second
|
|
Batting: SHB Mike Felder
|
0-0: Ball 1-0: Foul Ball, location: 2F 1-1: Foul Ball, location: 2F 1-2: Ball 2-2: Ball 3-2: Strikes out swinging
|
| Bottom of the 2nd over - 1 run, 1 hit, 0 errors, 2 left on base; Arkansas 3 - Amarillo 1 |
| TOP OF THE 3RD |
|
Arkansas Travelers batting - Pitching for Amarillo Gold Sox : RHP Stew Cliburn
|
|
Batting: LHB Dave Magadan
|
0-0: Foul Ball, location: 2F 0-1: Foul Ball, location: 2F 0-2: Ball 1-2: SINGLE (Flyball, 4MD, EV 92.5 MPH)
|
|
Batting: SHB Bobby Bonilla
|
0-0: Ball 1-0: Ball 2-0: DOUBLE (Line Drive, 8LXD, EV 96.9 MPH) Dave Magadan to third Runner from 3rd tries for Home, SAFE, throw by CF to home
|
|
Batting: RHB Kevin Seitzer
|
0-0: Ball 1-0: Ball 2-0: TRIPLE (Flyball, 78XD, EV 107.5 MPH) Bobby Bonilla scores
|
|
Batting: SHB Bob Meacham
|
0-0: Ball 1-0: Foul Ball, location: 2F 1-1: Swinging Strike 1-2: Strikes out swinging
|
|
Batting: LHB Phil Stephenson
|
0-0: Foul Ball, location: 2F 0-1: Foul Ball, location: 2F 0-2: Ball 1-2: Ball 2-2: Ball Wild Pitch! Kevin Seitzer scores 3-2: Base on Balls
|
|
Batting: RHB Rob Deer
|
0-0: Called Strike Phil Stephenson is caught stealing 2nd base 2-4 0-1: Called Strike 0-2: Fly out, F8 (Flyball, 8RXD, EV 94.4 MPH)
|
| Top of the 3rd over - 3 runs, 3 hits, 0 errors, 0 left on base; Arkansas 6 - Amarillo 1 |
| BOTTOM OF THE 3RD |
|
Amarillo Gold Sox batting - Pitching for Arkansas Travelers : LHP Ricardo Acevedo
|
|
Batting: LHB Hector Arroyo
|
0-0: Called Strike 0-1: Ball 1-1: Fly out, F6 (Popup, P, EV 76.3 MPH)
|
|
Batting: SHB Al Newman
|
0-0: Called Strike 0-1: Called Strike 0-2: Strikes out swinging
|
|
Batting: RHB Bill Pecota
|
0-0: Ball 1-0: Called Strike 1-1: Ball 2-1: Ball 3-1: Foul Ball, location: 2F 3-2: Fly out, F7 (Flyball, 7D, EV 99.4 MPH)
|
| Bottom of the 3rd over - 0 runs, 0 hits, 0 errors, 0 left on base; Arkansas 6 - Amarillo 1 |
| TOP OF THE 4TH |
|
Arkansas Travelers batting - Pitching for Amarillo Gold Sox : RHP Stew Cliburn
|
|
Batting: RHB Alex Duarte
|
0-0: Called Strike 0-1: Ball 1-1: Called Strike 1-2: Strikes out swinging
|
|
Batting: RHB Nehames Bernstine
|
0-0: Called Strike 0-1: Ball 1-1: Ball 2-1: Swinging Strike 2-2: Fly out, F8 (Flyball, 78S, EV 92.5 MPH)
|
|
Batting: RHB Denny Gonzalez
|
0-0: Ball 1-0: Fly out, F9 (Flyball, 89D, EV 91.9 MPH)
|
| Top of the 4th over - 0 runs, 0 hits, 0 errors, 0 left on base; Arkansas 6 - Amarillo 1 |
| BOTTOM OF THE 4TH |
|
Amarillo Gold Sox batting - Pitching for Arkansas Travelers : LHP Ricardo Acevedo
|
|
Batting: SHB Steve Jeltz
|
0-0: Foul Ball, location: 2F 0-1: Ball 1-1: Fly out, F9 (Line Drive, 9, EV 108.1 MPH)
|
|
Batting: RHB Andrew Barbee
|
0-0: SINGLE (Line Drive, 8RS, EV 104.4 MPH)
|
|
Batting: RHB Vic Alvarado
|
0-0: Fly out, F8 (Line Drive, 8RD, EV 98.8 MPH)
|
|
Batting: RHB Chino Cadahia
|
0-0: Ball Andrew Barbee steals 2nd base 1-0: Ball 2-0: Called Strike 2-1: SINGLE (Line Drive, 6MD, EV 95.6 MPH) Andrew Barbee to third Runner from 3rd tries for Home, SAFE, throw by CF to home
|
|
Batting: RHB Todd Smith
|
0-0: Ball 1-0: Called Strike 1-1: Foul Ball, location: 2F 1-2: Ball 2-2: Ball 3-2: Ground out 4-3 (Groundball, 4D, EV 85.0 MPH)
|
| Bottom of the 4th over - 1 run, 2 hits, 0 errors, 1 left on base; Arkansas 6 - Amarillo 2 |
| TOP OF THE 5TH |
|
Arkansas Travelers batting - Pitching for Amarillo Gold Sox : RHP Stew Cliburn
|
|
Batting: LHB Dave Magadan
|
0-0: Hit by Pitch
|
|
Pitching: RHP Alec Christianson
|
|
|
Batting: SHB Bobby Bonilla
|
0-0: Called Strike 0-1: DOUBLE (Line Drive, 89D, EV 103.8 MPH) Dave Magadan to third Runner from 3rd tries for Home, SAFE, throw by CF to trailing runner, SAFE at third!
|
|
Batting: RHB Kevin Seitzer
|
0-0: Called Strike 0-1: Foul Ball, location: 2F 0-2: Ball 1-2: Strikes out swinging
|
|
Batting: SHB Bob Meacham
|
0-0: Swinging Strike 0-1: Called Strike 0-2: Ball 1-2: Ball 2-2: Ground out 5-3 (Groundball, 56S, EV 70.0 MPH) Bobby Bonilla scores
|
|
Batting: LHB Phil Stephenson
|
0-0: Ball 1-0: Ball 2-0: Ball 3-0: Base on Balls
|
|
Batting: RHB Rob Deer
|
0-0: Called Strike 0-1: Called Strike 0-2: Foul Ball, location: 2F 0-2: SINGLE (Groundball, 56D, EV 100.0 MPH) Phil Stephenson to second
|
|
Batting: RHB Alex Duarte
|
0-0: Ball 1-0: Ball 2-0: Ball 3-0: Called Strike 3-1: Base on Balls Phil Stephenson to third Rob Deer to second
|
|
Batting: RHB Nehames Bernstine
|
0-0: Swinging Strike 0-1: Swinging Strike 0-2: Ball 1-2: Strikes out swinging
|
| Top of the 5th over - 2 runs, 2 hits, 0 errors, 3 left on base; Arkansas 8 - Amarillo 2 |
| BOTTOM OF THE 5TH |
|
Amarillo Gold Sox batting - Pitching for Arkansas Travelers : LHP Ricardo Acevedo
|
|
Batting: SHB Mike Felder
|
0-0: Ball 1-0: Ball 2-0: Called Strike 2-1: Foul Ball, location: 2F 2-2: Foul Ball, location: 2F 2-2: Ball 3-2: Base on Balls
|
|
Batting: LHB Hector Arroyo
|
0-0: Ball 1-0: Ball Mike Felder steals 2nd base (no throw) 2-0: Swinging Strike 2-1: SINGLE (Line Drive, 34, EV 100.6 MPH) Mike Felder to third
|
|
Batting: SHB Al Newman
|
0-0: Ball 1-0: Fly out, F7 (Flyball, 78M, EV 96.9 MPH) Runner from 3rd tags up, OUT at HOME! 7-2 Hector Arroyo to second
|
|
Batting: RHB Bill Pecota
|
0-0: Ball 1-0: Ball 2-0: Ball 3-0: Base on Balls
|
|
Batting: SHB Steve Jeltz
|
0-0: Ball 1-0: Called Strike 1-1: Ball 2-1: Swinging Strike 2-2: Foul Ball, location: 2F 2-2: Ball 3-2: Base on Balls Hector Arroyo to third Bill Pecota to second
|
|
Batting: RHB Andrew Barbee
|
0-0: SINGLE (Groundball, 56D, EV 106.9 MPH) Hector Arroyo scores Bill Pecota to third Steve Jeltz to second Runner from 3rd tries for Home, SAFE, throw by LF to home
|
|
Batting: RHB Vic Alvarado
|
0-0: Ball 1-0: Ball 2-0: Called Strike 2-1: Ball 3-1: Foul Ball, location: 2F 3-2: Foul Ball, location: 2F 3-2: Base on Balls Steve Jeltz to third Andrew Barbee to second
|
|
Batting: RHB Chino Cadahia
|
0-0: Called Strike 0-1: Foul Ball, location: 2F 0-2: SINGLE (Groundball, 5D, EV 104.4 MPH) Steve Jeltz scores Andrew Barbee to third Vic Alvarado to second Runner from 3rd tries for Home, SAFE, throw by LF to home
|
|
Batting: RHB Todd Smith
|
0-0: Fly out, F5 (Popup, 6S, EV 80.0 MPH)
|
| Bottom of the 5th over - 4 runs, 3 hits, 0 errors, 2 left on base; Arkansas 8 - Amarillo 6 |
| TOP OF THE 6TH |
|
Arkansas Travelers batting - Pitching for Amarillo Gold Sox : RHP Alec Christianson
|
|
Batting: RHB Denny Gonzalez
|
0-0: Called Strike 0-1: Ball 1-1: Swinging Strike 1-2: Foul Ball, location: 2F 1-2: Ball 2-2: Ground out 3-1 (Groundball, 23, EV 81.9 MPH)
|
|
Batting: LHB Dave Magadan
|
0-0: Ball 1-0: Called Strike 1-1: Ball 2-1: Called Strike 2-2: Foul Ball, location: 2F 2-2: Fly out, F4 (Line Drive, 4, EV 71.3 MPH)
|
|
Batting: SHB Bobby Bonilla
|
0-0: Called Strike 0-1: Ball 1-1: Ball 2-1: Fly out, F9 (Flyball, 9D, EV 101.3 MPH)
|
| Top of the 6th over - 0 runs, 0 hits, 0 errors, 0 left on base; Arkansas 8 - Amarillo 6 |
| BOTTOM OF THE 6TH |
|
Amarillo Gold Sox batting - Pitching for Arkansas Travelers : LHP Ricardo Acevedo
|
|
Batting: SHB Mike Felder
|
0-0: Ground out 4-3 (Groundball, 4MS, EV 66.3 MPH)
|
|
Batting: LHB Hector Arroyo
|
0-0: Ball 1-0: SINGLE (Groundball, 34D, EV 101.3 MPH)
|
|
Batting: SHB Al Newman
|
0-0: Ball 1-0: Called Strike 1-1: Ball 2-1: Ball 3-1: Called Strike 3-2: Fly out, F3 (Popup, 3SF, EV 80.6 MPH)
|
|
Batting: RHB Bill Pecota
|
0-0: Ball 1-0: Ball Hector Arroyo steals 2nd base 2-0: Foul Ball, location: 2F 2-1: Ball 3-1: Called Strike 3-2: Foul Ball, location: 2F 3-2: Foul Ball, location: 2F 3-2: SINGLE (Groundball, 6MD, EV 106.9 MPH) (infield hit) Hector Arroyo to third
|
|
Pitching: RHP Donald Brazell
|
|
|
Batting: SHB Steve Jeltz
|
0-0: Ball 1-0: Called Strike Bill Pecota steals 2nd base 1-1: Ball 2-1: Foul Ball, location: 2F 2-2: Foul Ball, location: 2F 2-2: Strikes out swinging
|
| Bottom of the 6th over - 0 runs, 2 hits, 0 errors, 2 left on base; Arkansas 8 - Amarillo 6 |
| TOP OF THE 7TH |
|
Arkansas Travelers batting - Pitching for Amarillo Gold Sox : RHP Alec Christianson
|
|
Batting: RHB Kevin Seitzer
|
0-0: Called Strike 0-1: Ball 1-1: Ball 2-1: Ground out 6-3 (Groundball, 6, EV 101.3 MPH)
|
|
Batting: SHB Bob Meacham
|
0-0: Ball 1-0: Ball 2-0: Ball 3-0: Foul Ball, location: 2F 3-1: Base on Balls
|
|
Pitching: RHP Denny Schafer
|
|
|
Batting: LHB Phil Stephenson
|
0-0: Called Strike 0-1: Fielders Choice at 2nd, 4-6 (Groundball, 4, EV 106.9 MPH)
|
|
Batting: RHB Rob Deer
|
0-0: Fielders Choice at 2nd, 5-4 (Groundball, 5L, EV 100.0 MPH)
|
| Top of the 7th over - 0 runs, 0 hits, 0 errors, 1 left on base; Arkansas 8 - Amarillo 6 |
| BOTTOM OF THE 7TH |
|
Amarillo Gold Sox batting - Pitching for Arkansas Travelers : RHP Donald Brazell
|
|
Batting: RHB Andrew Barbee
|
0-0: Swinging Strike 0-1: Ball 1-1: Ball 2-1: Ball 3-1: Swinging Strike 3-2: Foul Ball, location: 2F 3-2: Base on Balls
|
|
Batting: RHB Vic Alvarado
|
0-0: Bunt missed! 0-1: Sac Bunt to 15 - play at first, batter OUT! 1-4 Andrew Barbee to second
|
|
Batting: RHB Chino Cadahia
|
0-0: Called Strike 0-1: Fly out, F7 (Flyball, 7S, EV 93.8 MPH)
|
|
Batting: RHB Todd Smith
|
0-0: Foul Ball, location: 2F 0-1: Fly out, F8 (Flyball, 8LS, EV 88.1 MPH)
|
| Bottom of the 7th over - 0 runs, 0 hits, 0 errors, 1 left on base; Arkansas 8 - Amarillo 6 |
| TOP OF THE 8TH |
|
Arkansas Travelers batting - Pitching for Amarillo Gold Sox : RHP Denny Schafer
|
|
Batting: RHB Alex Duarte
|
0-0: Ball 1-0: Ground out 5-3 (Groundball, 15, EV 82.5 MPH)
|
|
Batting: RHB Nehames Bernstine
|
0-0: Called Strike 0-1: Ball 1-1: Called Strike 1-2: Ball 2-2: Ball 3-2: Strikes out swinging
|
|
Batting: RHB Denny Gonzalez
|
0-0: Swinging Strike 0-1: Ball 1-1: Ground out 3-1 (Groundball, 34, EV 83.8 MPH)
|
| Top of the 8th over - 0 runs, 0 hits, 0 errors, 0 left on base; Arkansas 8 - Amarillo 6 |
| BOTTOM OF THE 8TH |
|
Amarillo Gold Sox batting - Pitching for Arkansas Travelers : RHP Donald Brazell
|
|
Batting: SHB Mike Felder
|
0-0: Foul Ball, location: 2F 0-1: SINGLE (Groundball, 56, EV 93.1 MPH) (infield hit)
|
|
Batting: LHB Hector Arroyo
|
0-0: Foul Ball, location: 2F 0-1: Ball 1-1: Ball 2-1: Ball 3-1: Fly out, F9 (Flyball, 9D, EV 98.1 MPH)
|
|
Batting: SHB Al Newman
|
0-0: Ball 1-0: DOUBLE (Line Drive, 89D, EV 111.3 MPH) Mike Felder to third Runner from 3rd tries for Home, SAFE, throw by CF to trailing runner, SAFE at third!
|
|
Pitching: LHP Jeff Schneider
|
|
|
Batting: RHB Bill Pecota
|
0-0: Ground out 5-3 (Groundball, 5S, EV 85.6 MPH)
|
|
Batting: SHB Steve Jeltz
|
0-0: Ball Passed Ball! Al Newman scores 1-0: Ball 2-0: Called Strike 2-1: Fly out, F8 (Flyball, 8RM, EV 89.4 MPH)
|
| Bottom of the 8th over - 2 runs, 2 hits, 0 errors, 0 left on base; Arkansas 8 - Amarillo 8 |
| TOP OF THE 9TH |
|
Arkansas Travelers batting - Pitching for Amarillo Gold Sox : RHP Denny Schafer
|
|
Pitching: RHP Bob Tewksbury
|
|
|
Batting: LHB Dave Magadan
|
0-0: Called Strike 0-1: Swinging Strike 0-2: Ball 1-2: Ball 2-2: SINGLE (Groundball, 4MD, EV 95.0 MPH)
|
|
Pinch Runner at 1st Rex Hudler:
|
|
|
Batting: SHB Bobby Bonilla
|
0-0: Ball 1-0: Called Strike 1-1: Grounds into double play, 6-4-3 (Groundball, 6, EV 108.8 MPH)
|
|
Batting: RHB Kevin Seitzer
|
0-0: Ball 1-0: Ball 2-0: Ball 3-0: Called Strike 3-1: Called Strike 3-2: Base on Balls
|
|
Batting: SHB Bob Meacham
|
0-0: Ball 1-0: Called Strike 1-1: Foul Ball, location: 2F 1-2: Ball 2-2: Ground out 4-3 (Groundball, 34, EV 105.0 MPH)
|
| Top of the 9th over - 0 runs, 1 hit, 0 errors, 1 left on base; Arkansas 8 - Amarillo 8 |
| BOTTOM OF THE 9TH |
|
Amarillo Gold Sox batting - Pitching for Arkansas Travelers : LHP Jeff Schneider
|
|
Now at 3B: Rex Hudler
|
|
|
Batting: RHB Andrew Barbee
|
0-0: Called Strike 0-1: Foul Ball, location: 2F 0-2: Ground out 4-3 (Groundball, 4, EV 103.1 MPH)
|
|
Batting: RHB Vic Alvarado
|
0-0: Ball 1-0: Called Strike 1-1: Ball 2-1: Foul Ball, location: 2F 2-2: Ball 3-2: Foul Ball, location: 2F 3-2: Base on Balls
|
|
Batting: RHB Chino Cadahia
|
0-0: Called Strike 0-1: Ball 1-1: Fly out, F3 (Popup, 3SF, EV 78.1 MPH)
|
|
Batting: RHB Todd Smith
|
0-0: Called Strike 0-1: Called Strike 0-2: Ball 1-2: Fielders Choice at 2nd, 6-4 (Groundball, 6, EV 86.3 MPH)
|
| Bottom of the 9th over - 0 runs, 0 hits, 0 errors, 1 left on base; Arkansas 8 - Amarillo 8 |
| TOP OF THE 10TH |
|
Arkansas Travelers batting - Pitching for Amarillo Gold Sox : RHP Bob Tewksbury
|
|
Batting: LHB Phil Stephenson
|
0-0: Ball 1-0: Ball 2-0: Ball 3-0: Called Strike 3-1: Foul Ball, location: 2F 3-2: Fly out, F9 (Flyball, 9D, EV 101.9 MPH)
|
|
Pinch Hitting: LHB Terry Byrum
|
0-0: Called Strike 0-1: Foul Ball, location: 2F 0-2: Ball 1-2: Foul Ball, location: 2F 1-2: Ground out U3 (Groundball, 3, EV 88.1 MPH)
|
|
Pinch Hitting: RHB Dennis Seats
|
0-0: Foul Ball, location: 2F 0-1: Ground out 4-3 (Groundball, 34, EV 90.6 MPH)
|
| Top of the 10th over - 0 runs, 0 hits, 0 errors, 0 left on base; Arkansas 8 - Amarillo 8 |
| BOTTOM OF THE 10TH |
|
Amarillo Gold Sox batting - Pitching for Arkansas Travelers : LHP Jeff Schneider
|
|
Pitching: LHP Claude Brodeur
|
|
|
Now in LF: Michael Strawberry
|
|
|
Now in RF: Terry Byrum
|
|
|
Batting: SHB Mike Felder
|
0-0: Called Strike 0-1: Ball 1-1: Called Strike 1-2: Foul Ball, location: 2F 1-2: Strikes out looking
|
|
Pinch Hitting: RHB Dan Henry
|
0-0: Called Strike 0-1: Ball 1-1: Called Strike 1-2: Strikes out swinging
|
|
Batting: SHB Al Newman
|
0-0: Ball 1-0: Foul Ball, location: 2F 1-1: Foul Ball, location: 2F 1-2: Foul Ball, location: 2F 1-2: Foul Ball, location: 2F 1-2: Ball 2-2: Ball 3-2: Base on Balls
|
|
Batting: RHB Bill Pecota
|
0-0: Ball Al Newman is caught stealing 2nd base 2-4
|
| Bottom of the 10th over - 0 runs, 0 hits, 0 errors, 0 left on base; Arkansas 8 - Amarillo 8 |
| TOP OF THE 11TH |
|
Arkansas Travelers batting - Pitching for Amarillo Gold Sox : RHP Bob Tewksbury
|
|
Now at 3B: Dan Henry
|
|
|
Batting: RHB Nehames Bernstine
|
0-0: Foul Ball, location: 2F 0-1: Foul Ball, location: 2F 0-2: Ball 1-2: Ball 2-2: Ball 3-2: Foul Ball, location: 2F 3-2: Fly out, F4 (Popup, 23, EV 84.4 MPH)
|
|
Batting: RHB Denny Gonzalez
|
0-0: Ball 1-0: Foul Ball, location: 2F 1-1: Called Strike 1-2: Strikes out swinging
|
|
Pinch Hitting: RHB Kenneth Foster
|
0-0: Foul Ball, location: 2F 0-1: Foul Ball, location: 2F 0-2: Ball 1-2: Ground out 6-3 (Groundball, P, EV 77.5 MPH)
|
| Top of the 11th over - 0 runs, 0 hits, 0 errors, 0 left on base; Arkansas 8 - Amarillo 8 |
| BOTTOM OF THE 11TH |
|
Amarillo Gold Sox batting - Pitching for Arkansas Travelers : LHP Claude Brodeur
|
|
Now at 1B: Kenneth Foster
|
|
|
Batting: RHB Bill Pecota
|
0-0: Foul Ball, location: 2F 0-1: Ball 1-1: Ground out 6-3 (Groundball, 6, EV 81.3 MPH)
|
|
Batting: SHB Steve Jeltz
|
0-0: Foul Ball, location: 2F 0-1: Ball 1-1: Foul Ball, location: 2F 1-2: Strikes out swinging
|
|
Batting: RHB Andrew Barbee
|
0-0: Foul Ball, location: 2F 0-1: Called Strike 0-2: Ball 1-2: Ball 2-2: Strikes out swinging
|
| Bottom of the 11th over - 0 runs, 0 hits, 0 errors, 0 left on base; Arkansas 8 - Amarillo 8 |
| TOP OF THE 12TH |
|
Arkansas Travelers batting - Pitching for Amarillo Gold Sox : RHP Bob Tewksbury
|
|
Batting: SHB Bobby Bonilla
|
0-0: Called Strike 0-1: Ground out U3 (Groundball, 3, EV 96.3 MPH)
|
|
Batting: RHB Kevin Seitzer
|
0-0: Ball 1-0: Foul Ball, location: 2F 1-1: Called Strike 1-2: Ball 2-2: Foul Ball, location: 2F 2-2: Ball 3-2: Foul Ball, location: 2F 3-2: SINGLE (Flyball, 3D, EV 86.9 MPH)
|
|
Batting: SHB Bob Meacham
|
0-0: Called Strike 0-1: Bunt missed! 0-2: Ball 1-2: Ball 2-2: Foul Ball, location: 2F 2-2: Foul Ball, location: 2F 2-2: Strikes out swinging
|
|
Batting: LHB Phil Stephenson
|
0-0: Ball 1-0: Ball 2-0: Swinging Strike 2-1: Foul Ball, location: 2F 2-2: DOUBLE (Groundball, 5L, EV 95.6 MPH) Kevin Seitzer to third Runner from 3rd tries for Home, SAFE, throw by LF to home
|
|
Batting: LHB Terry Byrum
|
0-0: Ball 1-0: Ball 2-0: Ball 3-0: Called Strike 3-1: Foul Ball, location: 2F 3-2: SINGLE (Line Drive, 6M, EV 95.6 MPH) Phil Stephenson to third Phil Stephenson scores
|
|
Batting: RHB Michael Strawberry
|
0-0: Ball 1-0: Called Strike 1-1: Ball 2-1: SINGLE (Groundball, 5L, EV 106.9 MPH) Terry Byrum to second
|
|
Pitching: RHP Joel Finch
|
|
|
Batting: RHB Nehames Bernstine
|
Balk! Terry Byrum to third Michael Strawberry to second 0-0: Ball 1-0: Swinging Strike 1-1: Swinging Strike 1-2: Strikes out swinging
|
| Top of the 12th over - 2 runs, 4 hits, 0 errors, 2 left on base; Arkansas 10 - Amarillo 8 |
| BOTTOM OF THE 12TH |
|
Amarillo Gold Sox batting - Pitching for Arkansas Travelers : LHP Claude Brodeur
|
|
Pitching: LHP Kevin Joyce
|
|
|
Batting: RHB Vic Alvarado
|
0-0: Called Strike 0-1: Ball 1-1: Ground out 4-3 (Groundball, 4MD, EV 103.1 MPH)
|
|
Batting: RHB Chino Cadahia
|
0-0: Ball 1-0: Foul Ball, location: 2F 1-1: Swinging Strike 1-2: Strikes out swinging
|
|
Batting: RHB Todd Smith
|
0-0: Ball 1-0: Ball 2-0: Fly out, F5 (Line Drive, 5, EV 71.9 MPH)
|
| Bottom of the 12th over - 0 runs, 0 hits, 0 errors, 0 left on base; Arkansas 10 - Amarillo 8 |
|